[Event "*** Titled Tuesday Blitz"]
[Site "Chess.com"]
[Date "2020.12.01"]
[Round "5"]
[White "mbojan"]
[Black "Rap_woyska"]
[Result "0-1"]
[WhiteElo "2666"]
[BlackElo "2484"]
[TimeControl "180+1"]
[EndTime "10:57:08 PST"]
[Termination "Rap_woyska won by checkmate"]

1. g3 d5 2. Bg2 Nf6 3. d3 c6 4. Nd2 e5 5. Ngf3 Bd6 6. e4 O-O 7. O-O Re8 8. b3 Bg4 9. h3 Bh5 10. Bb2 Nbd7 11. Re1 Qc7 12. g4 Bg6 13. Nh4 dxe4 14.
dxe4 Nc5 15. Nf5 Bf8 16. Qe2 Ne6 17. Nf1 Nd7 18. N1g3 Nf4 19. Qf3 Nc5 20. Bf1 b5 21. h4 f6 22. Rad1 Bf7 23. h5 a5 24. Bc1 a4 25. b4 Nce6 26. a3 g6 27. hxg6 hxg6 28. Ne3 Ng5 29. Qh1 Rad8 30. c4 Rxd1 31. Rxd1 Qc8 32.
cxb5 cxb5 33. Bxb5 Rd8 34. Rxd8 Qxd8 35. Bf1 Qd4 36.
Nd5 Kg7 37. Nxf4 exf4 38. Bxf4 Qa1 39. Be3 Qxa3 40. e5 Be7 41. exf6+ Bxf6 42. Ne4 Nxe4 43.
Qxe4 Qb3 44. g5 Bb2 45. Bd4+ Bxd4 46. Qxd4+ Kg8 47. Qd8+ Kg7 48. Qd4+ Kg8 49. b5 a3 50. b6 a2 51. Qd8+ Kh7 52. Qf6 Kg8 53. Qd8+ Kg7 54.
Qf6+ Kh7 55. b7 Qxb7 56. Bg2 Qb1+ 57. Kh2 a1=Q 58. Qxf7+ Qg7 59. Qf4 Qf5 60. Qg3 Qff7 61. f4 Qf5 62. Qh4+ Kg8 63. Bh3 Qc2+ 64. Bg2 Qd4 65. Qg4 Qcd2 66. Qc8+ Kf7 67. Qc7+ Ke6 68. Qc8+ Kd6 69. Qd8+ Kc5 70. Qc7+ Kb4 71. Qe7+ Kc3 72. Qa3+ Kc2 73. Qa2+ Kd1 74. Qb1+ Qc1 75. Qb3+ Qc2 76. Qg3 Qcd2 77. Qf3+ Kc1 78. Qa3+ Kb1 79. Qb3+ Q2b2 80. Qf3 Qdd2 81. Qe4+ Qbc2 82. Qb7+ Kc1 83. Qf7 Qxg2# 0-1

[Event "*** Titled Tuesday Blitz"]
[Site "Chess.com"]
[Date "2020.12.01"]
[Round "5"]
[White "awesomevishesh"]
[Black "JoliyRoger"]
[Result "0-1"]
[WhiteElo "2540"]
[BlackElo "2396"]
[TimeControl "180+1"]
[EndTime "10:57:13 PST"]
[Termination "JoliyRoger won on time"]

1. e4 c6 2. Nf3 d5 3. d3 Bg4 4.
Nbd2 e6 5. h3 Bxf3 6. Qxf3 Nd7 7.
g3 g6 8. Bg2 Bg7 9. O-O Ne7 10.
Qe2 O-O 11. Nf3 e5 12. h4 Qc7 13. b3 a5 14. a4 Rfe8 15. Re1 d4 16. h5 b5 17. Bd2 Nc5 18. Nh4 Bf6 19. Nf3 Reb8 20. Nh2 bxa4 21. bxa4 Rb2 22. Rec1 Ne6 23. Ng4 Bg7 24.
h6 Bh8 25. Bh3 c5 26. Qf3 Nc6 27. Nf6+ Bxf6 28. Qxf6 Qd8 29. Qf3 Qe7 30. Qd1 Rab8 31. Rcb1 Rxb1 32. Rxb1 Nb4 33. Bg4 Qf6 34. Kg2 Rb6 35.
Qe2 Nf8 36. f4 Ne6 37. f5 Nf8 38. Rf1 Qe7 39. fxg6 hxg6 40. Bc1 Nh7 41. Qf3 Rf6 42. Qe2 Rxf1 43. Kxf1 Qd6 44. Kg2 Nf6 45. Bf3 Kh7 46. Qd2 Ng8 47. Bb2 Ne7 48. Bc1 f6 49. Bd1 Qc6 50. Qe2 Qxa4 51. Qg4 Qc6 52. Ba3 Qd6 53.
Kf2 Qc6 54. Qf3 Qe6 55. Bc1 g5 56. Qg2 Kxh6 57. Qh2+ Kg7 58. Kg2 Qf7 59. Qh3 Nbc6 60. Ba3 Nb4 61. Bh5 Qf8 62. Bd1 Qc8 63. Qh5 Qh8 64.
Qf3 Qf8 65. Qf1 Qd8 66. Qe1 Qd6 67. Qf1 Qc6 68. Qh1 c4 69. Qh3 cxd3 70. cxd3 Qc3 71. Qe6 Qc7 72. Kf3 Nec6 73. Bb3 Qe7 74. Qg8+ Kh6 75.
Qh8+ Qh7 76. Qxf6+ Qg6 77. Qh8+ Qh7 78. Qf8+ Qg7 79. Qd6+ Kh7 80. Bxb4 Nxb4 81. Kg4 Qg6 82. Be6 Kh6 83. Qd7 Qg7 84. Qd8 Nxd3 85. Bf5 Nf2+ 86. Kf3 d3 87. Qd7 Qxd7 0-1

[Event "*** Titled Tuesday Blitz"]
[Site "Chess.com"]
[Date "2020.12.01"]
[Round "5"]
[White "Kaua18"]
[Black "chessdjw"]
[Result "0-1"]
[WhiteElo "2345"]
[BlackElo "2651"]
[TimeControl "180+1"]
[EndTime "10:57:35 PST"]
[Termination "chessdjw won by resignation"]

1. e4 c5 2. Nf3 d6 3. d4 cxd4 4. Qxd4 Nf6 5. Be2 Nc6 6. Qe3 g6 7. h3 Bg7 8. O-O O-O 9. Rd1 Nd7 10. Nc3 Qb6 11. Nd5 Qxe3 12. Nxe3 b6 13. c3 Bb7 14. Bd3 Rfc8 15. Nd5 Kf8 16. Bf4 Nce5 17.
Nxe5 Nxe5 18. f3 Nxd3 19. Rxd3 Rc6 20. a4 Ba6 21. Rd2 Bb7 22. a5 bxa5 23. Rxa5 Ke8 24. Be3 a6 25. Kf2 Be5 26. g4 e6 27. Nb4 Rc4 28.
h4 Kd7 29. Rd1 f5 30. Rxe5 a5 31. Rb5 Kc7 32. Nc2 Bc6 33. Na3 Bxb5 34. Nxb5+ Kc6 35. Nxd6 Ra4 36. exf5 exf5 37. Nf7 Re8 38. gxf5 gxf5 39.
f4 Rb8 40. Ne5+ Kc7 41. Rd7+ Kc8 42. Rd2 Ra2 43. Nc4 a4 44. Kf3 Kc7 45. Rd5 Rc8 46.
Rxf5 Kb8 47. Rb5+ Kc7 48. Rc5+ Kd8 49. Rxc8+ Kxc8 50. f5 Kd7 51. Ke4 Ke7 52. h5 Kf6 53. h6 Kf7 54. Ke5 Ra1 55. f6 Re1 56. Nd6+ Kf8 57.
Ke4 Re2 58. Nf5 Rxb2 59. Kd5 Kf7 60. Bd4 a3 61. Nd6+ Kg6 62. c4 Rb8 63. Nb5 a2 64. Ke4 Rd8 65. Ba1 Re8+ 66. Kd5 Re1 67. Bd4 a1=Q 68.
Bxa1 Rxa1 69. c5 Kxf6 70. Kd6 Rc1 71. c6 Kg6 72. c7 Kxh6 73. Nd4 Kg5 74. Nc6 Rd1+ 75.
Ke7 Re1+ 76. Kd7 Rd1+ 77. Ke8 Re1+ 78. Kf8 Rf1+ 79. Kg8 h5 80. c8=Q Rf6 81. Ne7 h4 82.
Qc5+ Kg4 83. Qd4+ Rf4 84. Qd1+ Kg3 85. Nd5 Rg4+ 86. Kf7 h3 87. Ne3 Rf4+ 88. Ke6 h2 89. Ke5 Rf3 90. Qe1+ Kh3 91. Ke4 Rg3 92. Kf4 Rg1 93. Nf1 h1=Q 94. Ne3 Rxe1 95. Ng4 0-1

[Event "*** Titled Tuesday Blitz"]
[Site "Chess.com"]
[Date "2020.12.01"]
[Round "6"]
[White "Borsuk_Konstantin"]
[Black "PenguinPacks"]
[Result "0-1"]
[WhiteElo "2560"]
[BlackElo "2404"]
[TimeControl "180+1"]
[EndTime "10:59:27 PST"]
[Termination "PenguinPacks won by resignation"]

1. d4 Nf6 2. c4 e6 3. Nc3 Bb4 4.
Qc2 O-O 5. a3 Bxc3+ 6. Qxc3 b6 7. f3 c5 8. Bf4 cxd4 9. Qxd4 Nc6 10. Qd6 Ne8 11. Qd2 Ba6 12. e4 Na5 13. Qb4 Rc8 14.
b3 Qf6 0-1

[Event "*** Titled Tuesday Blitz"]
[Site "Chess.com"]
[Date "2020.12.01"]
[Round "6"]
[White "sokidze"]
[Black "diamonds13"]
[Result "1-0"]
[WhiteElo "2499"]
[BlackElo "2331"]
[TimeControl "180+1"]
[EndTime "10:59:35 PST"]
[Termination "sokidze won by resignation"]

1. e4 c5 2. Nf3 Nc6 3. d4 cxd4 4.
Nxd4 Nf6 5. Nc3 e6 6. Nxc6 bxc6 7. e5 Nd5 8. Ne4 Qc7 9. f4 Qb6 10. c4 Bb4+ 11. Ke2 Ba6 12. Kf3 f5 13. exf6 Nxf6 14. Be3 Qa5 15. Nxf6+ gxf6 16. Kf2 Bc5 17. Qh5+ Ke7 18.
Bxc5+ 1-0

[Event "*** Titled Tuesday Blitz"]
[Site "Chess.com"]
[Date "2020.12.01"]
[Round "6"]
[White "Vesper2018"]
[Black "googlegoom"]
[Result "1-0"]
[WhiteElo "2652"]
[BlackElo "2460"]
[TimeControl "180+1"]
[EndTime "11:00:24 PST"]
[Termination "Vesper2018 won by resignation"]

1. e4 c5 2. Nc3 Nc6 3. Bb5 Nd4 4. Bc4 e6 5. Nge2 g6 6. O-O Bg7 7. d3 Ne7 8. Nxd4 cxd4 9. Nb5 d5 10. exd5 Nxd5 11. Bxd5 exd5 12. Bf4 O-O 13. Nc7 Rb8 14. Nxd5 Ra8 15. Nc7 Rb8 16. Bg3 Bf5 17. Nb5 Rc8 18.
Nd6 Rc5 19. Nxb7 1-0

[Event "*** Titled Tuesday Blitz"]
[Site "Chess.com"]
[Date "2020.12.01"]
[Round "6"]
[White "TheKingDoctor"]
[Black "Praslov"]
[Result "0-1"]
[WhiteElo "2063"]
[BlackElo "2417"]
[TimeControl "180+1"]
[EndTime "11:00:24 PST"]
[Termination "Praslov won by resignation"]

1. d4 d5 2. Bf4 Nf6 3. e3 c5 4. c3 Nc6 5. Nf3 Qb6 6. Qb3 c4 7. Qxb6 axb6 8. Na3 Bf5 9. Nb5 Ra5 10. a4 e6 11. Ne5 Nxe5 12. Bxe5 Kd7 13. Be2 Be7 14.
O-O Rha8 15. Bd1 Rxb5 0-1

[Event "*** Titled Tuesday Blitz"]
[Site "Chess.com"]
[Date "2020.12.01"]
[Round "6"]
[White "mortngabriel"]
[Black "catzapto"]
[Result "1-0"]
[WhiteElo "2281"]
[BlackElo "2125"]
[TimeControl "180+1"]
[EndTime "11:00:54 PST"]
[Termination "mortngabriel won by resignation"]

1. d4 Nf6 2. c4 e6 3. Nf3 c6 4. Nc3 Bb4 5. Qc2 O-O 6. e4 d5 7. e5 Ne4 8. Bd3 f5 9. exf6 Nxf6 10. O-O a6 11. Bg5 Bd6 12. Bxh7+ Kh8 13. Bg6 Bd7 14. Ne5 Be8 15. Bxe8 Rxe8 16. Nf7+ Kg8 17. Nxd8 Rxd8 18. Bxf6 gxf6 19. Qg6+ 1-0

[Event "*** Titled Tuesday Blitz"]
[Site "Chess.com"]
[Date "2020.12.01"]
[Round "6"]
[White "orestn"]
[Black "Khnykin_Nikolay"]
[Result "1-0"]
[WhiteElo "2303"]
[BlackElo "2025"]
[TimeControl "180+1"]
[EndTime "11:01:03 PST"]
[Termination "orestn won by checkmate"]

1. e4 e6 2. d4 d5 3. Nc3 Bb4 4. e5 c5 5. a3 Bxc3+ 6. bxc3 cxd4 7. cxd4 Nc6 8. Nf3 Nge7 9. Bd3 O-O 10. Bxh7+ Kh8 11.
Bd3 g6 12. Bg5 Qa5+ 13. Kf1 Nf5 14. Bf6+ Kg8 15. Bxf5 exf5 16. Qc1 Nxd4 17. Nxd4 Qc3 18. Ne2 Qc4 19. Qh6 Rd8 20. Qh8# 1-0

[Event "*** Titled Tuesday Blitz"]
[Site "Chess.com"]
[Date "2020.12.01"]
[Round "6"]
[White "Lysiak_Poltorak"]
[Black "GianmarcoVaR"]
[Result "0-1"]
[WhiteElo "2375"]
[BlackElo "2661"]
[TimeControl "180+1"]
[EndTime "11:01:05 PST"]
[Termination "GianmarcoVaR won by resignation"]

1. d4 Nf6 2. c4 e6 3. Nc3 Bb4 4. Qc2 d6 5. e4 O-O 6. f4 Nc6 7.
Nf3 e5 8. fxe5 dxe5 9. d5 Nd4 10.
Qd3 Nxe4 11. Qxe4 Bf5 12. Qh4 0-1

[Event "*** Titled Tuesday Blitz"]
[Site "Chess.com"]
[Date "2020.12.01"]
[Round "6"]
[White "BogdanDeac"]
[Black "j_coca"]
[Result "1-0"]
[WhiteElo "2955"]
[BlackElo "2383"]
[TimeControl "180+1"]
[EndTime "11:01:08 PST"]
[Termination "BogdanDeac won by resignation"]

1. Nf3 g6 2. e4 Bg7 3. d4 d6 4.
c3 Nc6 5. d5 Ne5 6. Nxe5 Bxe5 7. Bd3 e6 8. O-O Bg7 9. c4 e5 10. Nc3 Ne7 11. Rb1 O-O 12. f4 exf4 13. Bxf4 f5 14. Qd2 fxe4 15. Nxe4 Nf5 16. Bg5 Qe8 17.
Rbe1 Kh8 18. Nxd6 Bd4+ 19. Kh1 Ng3+ 20. hxg3 Rxf1+ 21. Bxf1 Qf8 22. Qxd4+ 1-0

[Event "*** Titled Tuesday Blitz"]
[Site "Chess.com"]
[Date "2020.12.01"]
[Round "6"]
[White "theturtlemoves"]
[Black "bratkoo"]
[Result "1-0"]
[WhiteElo "2410"]
[BlackElo "2533"]
[TimeControl "180+1"]
[EndTime "11:01:14 PST"]
[Termination "theturtlemoves won by resignation"]

1. e4 e6 2. d4 d5 3. Nc3 Nf6 4.
e5 Nfd7 5. f4 c5 6. Nf3 Nc6 7.
Be3 Be7 8. Qd2 b6 9. Nd1 cxd4 10. Nxd4 Nxd4 11. Bxd4 Nc5 12. Nf2 O-O 13. Bd3 f5 14. exf6 Bxf6 15. Qe3 Qc7 16. Bxf6 Rxf6 17. Ng4 Rxf4 18.
Ne5 Re4 19. Bxe4 Qxe5 20. Bxh7+ 1-0

[Event "*** Titled Tuesday Blitz"]
[Site "Chess.com"]
[Date "2020.12.01"]
[Round "6"]
[White "Stormeman100100"]
[Black "Sacbutt"]
[Result "1-0"]
[WhiteElo "2492"]
[BlackElo "2263"]
[TimeControl "180+1"]
[EndTime "11:01:15 PST"]
[Termination "Stormeman100100 won by resignation"]

1. c4 Nf6 2. d4 e6 3. Nc3 Bb4 4. f3 d5 5. a3 Bxc3+ 6. bxc3 O-O 7. cxd5 exd5 8. e3 c5 9. Bd3 Nc6 10. Ne2 Re8 11. O-O cxd4 12. cxd4 Qd6 13. Ng3 Be6 14. Bb2 a6 15. Kh1 b5 16. e4 Na5 17. e5 1-0

[Event "*** Titled Tuesday Blitz"]
[Site "Chess.com"]
[Date "2020.12.01"]
[Round "6"]
[White "gagtemp"]
[Black "beto-betun"]
[Result "0-1"]
[WhiteElo "1946"]
[BlackElo "2206"]
[TimeControl "180+1"]
[EndTime "11:01:28 PST"]
[Termination "beto-betun won by resignation"]

1. e4 c5 2. Nf3 d6 3. d4 cxd4 4. Nxd4 Nf6 5. Nc3 a6 6. Be3 e5 7.
Nb3 Be7 8. f3 Be6 9. Qd2 O-O 10. Nd5 Nxd5 11. exd5 Bf5 12. Na5 b6 13. Nc6 Nxc6 14. dxc6 Qc7 15. Bc4 Be6 16. Qd3 Qxc6 17.
Bxa6 Bh4+ 18. g3 Qxf3 19. gxh4 Qxh1+ 20. Qf1 Qe4 21. Bd3 Qxe3+ 0-1

[Event "*** Titled Tuesday Blitz"]
[Site "Chess.com"]
[Date "2020.12.01"]
[Round "6"]
[White "GM_dmitrij"]
[Black "StephenDedalus83"]
[Result "1-0"]
[WhiteElo "2953"]
[BlackElo "2702"]
[TimeControl "180+1"]
[EndTime "11:01:32 PST"]
[Termination "GM_dmitrij won by resignation"]

1. c4 g6 2. Nc3 Bg7 3. d4 d6 4. e4 Nf6 5. Be2 O-O 6. Be3 Nbd7 7. Nf3 c6 8. h3 a6 9. e5 Ne8 10. exd6 Nxd6 11. Qd2 Nf5 12. Bf4 Re8 13. Rd1 Qa5 14. O-O Nf8 15. Be5 Bh6 16. Qc2 Ne6 17. Rfe1 Bd7 18. d5 Nf4 19. Bf1 Rad8 20. g3 Nxg3 21.
fxg3 Nxh3+ 22. Bxh3 Bxh3 23. Qh2 1-0

[Event "*** Titled Tuesday Blitz"]
[Site "Chess.com"]
[Date "2020.12.01"]
[Round "6"]
[White "kidagent"]
[Black "onetowin"]
[Result "1-0"]
[WhiteElo "2286"]
[BlackElo "1995"]
[TimeControl "180+1"]
[EndTime "11:01:37 PST"]
[Termination "kidagent won by resignation"]

1. e4 c5 2. Nf3 e6 3. d4 cxd4 4. Nxd4 Nc6 5. Nc3 Qc7 6. g3 a6 7. Bg2 Nf6 8. Nde2 Be7 9. O-O O-O 10. h3 Rd8 11. Bf4 Qa5 12. Bd2 Qc7 13. f4 d5 14.
e5 Nd7 15. Be3 Nc5 16. Nd4 b5 17. Nce2 Ne4 18. c3 Qb6 19. Kh2 Qb8 20. Nxc6 1-0

[Event "*** Titled Tuesday Blitz"]
[Site "Chess.com"]
[Date "2020.12.01"]
[Round "6"]
[White "ViktoriyaTarasova"]
[Black "RaneshRatnesan"]
[Result "1-0"]
[WhiteElo "2284"]
[BlackElo "2139"]
[TimeControl "180+1"]
[EndTime "11:01:39 PST"]
[Termination "ViktoriyaTarasova won by resignation"]

1. d4 d5 2. c4 c6 3. Nf3 Nf6 4. Nc3 e6 5. Bg5 Be7 6. e3 Nbd7 7. Bd3 h6 8. Bh4 O-O 9. O-O a6 10. a4 Re8 11. Qc2 dxc4 12. Bxc4 c5 13. Rfd1 Qa5 14.
Rac1 Rb8 15. Bg3 Ra8 16. e4 Nh5 17. d5 Nxg3 18. hxg3 e5 19. d6 Bg5 20. Nxg5 hxg5 21.
Qb3 Rf8 22. Nd5 Rb8 23. Ne7+ Kh8 24. Bxf7 b5 25. Ng6+ Kh7 26. Nxf8+ Nxf8 27. Qf3 g4 28. Qe3 Qd8 29. axb5 axb5 30. Rxc5 Qf6 31. Bb3 Ne6 32. Rcc1 Bd7 33. Bxe6 Qxe6 34. Rc7 Rc8 35. Qc5 Rf8 36. Qd5 Qe8 37. Rc5 Be6 38. Qxe5 Qf7 39. Qh5+ Qxh5 40. Rxh5+ Kg6 41. Rxb5 1-0

[Event "*** Titled Tuesday Blitz"]
[Site "Chess.com"]
[Date "2020.12.01"]
[Round "6"]
[White "FontVella8"]
[Black "aa175"]
[Result "1-0"]
[WhiteElo "2501"]
[BlackElo "2335"]
[TimeControl "180+1"]
[EndTime "11:01:42 PST"]
[Termination "FontVella8 won by resignation"]

1. d4 e5 2. c3 e4 3. f3 Nf6 4. Qc2 d5 5. g3 Bd6 6. Bg2 h5 7.
Nd2 h4 8. fxe4 hxg3 9. e5 Ng4 10. hxg3 Rxh1 11. Bxh1 Qf6 12. Ngf3 Bf5 13. Qa4+ b5 14. Qxb5+ c6 15. Qb7 Ne3 16. Nf1 Nc2+ 17. Kd1 Qe7 18. Qxa8 Nxa1 19. exd6 1-0

[Event "*** Titled Tuesday Blitz"]
[Site "Chess.com"]
[Date "2020.12.01"]
[Round "6"]
[White "Quiet_Desperation"]
[Black "Nemsko"]
[Result "0-1"]
[WhiteElo "1675"]
[BlackElo "2380"]
[TimeControl "180+1"]
[EndTime "11:01:49 PST"]
[Termination "Nemsko won by resignation"]

1. e4 e5 2. Nf3 Nc6 3. Bc4 Bc5 4. b4 Bxb4 5. c3 Bd6 6. d4 Qe7 7. O-O Nf6 8. Bg5 h6 9. Bh4 O-O 10. Nbd2 b6 11. Kh1 Bb7 12. dxe5 Nxe5 13. Nxe5 Bxe5 14.
f4 Bxc3 15. e5 Bxa1 16. Qxa1 Qb4 17. exf6 Qxd2 18. Rf2 Qe3 19. Qd1 g6 20. Qg4 Qc1+ 21.
Rf1 Qxc4 0-1

[Event "*** Titled Tuesday Blitz"]
[Site "Chess.com"]
[Date "2020.12.01"]
[Round "6"]
[White "dosto07"]
[Black "ambaixador"]
[Result "0-1"]
[WhiteElo "2311"]
[BlackElo "2440"]
[TimeControl "180+1"]
[EndTime "11:01:53 PST"]
[Termination "ambaixador won by resignation"]

1. d4 d5 2. Nf3 e6 3. Bf4 Bd6 4.
e3 Ne7 5. c4 Bxf4 6. exf4 O-O 7. Nc3 c5 8. dxc5 Na6 9. cxd5 Nxd5 10. Nxd5 exd5 11. Bxa6 Qa5+ 12. Qd2 Qxa6 13. Qe2 Qa5+ 14. Nd2 Bd7 15. O-O Bb5 16. Qe3 Bxf1 17. Nxf1 Qb4 18. b3 Rfe8 19. Qc1 d4 20. Nd2 Re2 21. Nf3 Rae8 22.
f5 d3 23. Qg5 Re1+ 24. Nxe1 Rxe1+ 0-1

[Event "*** Titled Tuesday Blitz"]
[Site "Chess.com"]
[Date "2020.12.01"]
[Round "6"]
[White "IMVoja"]
[Black "Berardino"]
[Result "1-0"]
[WhiteElo "2498"]
[BlackElo "2624"]
[TimeControl "180+1"]
[EndTime "11:01:55 PST"]
[Termination "IMVoja won by resignation"]

1. e4 c5 2. Nf3 b6 3. d4 cxd4 4. Nxd4 Bb7 5. Nc3 Nf6 6. e5 Nd5 7. Bd2 e6 8. Qg4 Nxc3 9. Bxc3 Nc6 10. Nb5 Qb8 11. Qg3 a6 12. Nd6+ Bxd6 13. exd6 Rg8 14. O-O-O Qd8 15. Bd3 f5 16. Rhe1 Kf8 17. h4 b5 18. a3 Qb6 19. Qf4 Re8 20. Bxf5 1-0

[Event "*** Titled Tuesday Blitz"]
[Site "Chess.com"]
[Date "2020.12.01"]
[Round "6"]
[White "gilbert_gm"]
[Black "Kaua18"]
[Result "1-0"]
[WhiteElo "2561"]
[BlackElo "2341"]
[TimeControl "180+1"]
[EndTime "11:01:59 PST"]
[Termination "gilbert_gm won by resignation"]

1. e4 c5 2. Nf3 Nc6 3. Bb5 e6 4. Bxc6 bxc6 5. e5 Ne7 6. Nc3 Ng6 7. O-O d6 8. Qe2 Be7 9. d3 O-O 10. exd6 Qxd6 11. Be3 c4 12. dxc4 Bf6 13. Ne4 Nf4 14.
Qd1 Qxd1 15. Nxf6+ gxf6 16. Rfxd1 Ng6 17. Bc5 Re8 18. Nd4 e5 19. Nxc6 Bf5 20. Nxa7 Bxc2 21. Rd2 Ba4 22. b3 Rxa7 23. Bxa7 Bc6 24. f3 Ra8 25. Be3 Ne7 26. a4 Rb8 27. Bc5 Ng6 28.
b4 Nf4 29. b5 Be8 30. a5 Ne6 31. Be3 Rc8 32. a6 Rxc4 33. a7 Bxb5 34. a8=Q+ Kg7 35. Qd5 Rb4 36. Qa2 Bc4 37. Qc2 Bb3 38. Qc3 1-0

[Event "*** Titled Tuesday Blitz"]
[Site "Chess.com"]
[Date "2020.12.01"]
[Round "6"]
[White "politeplayer"]
[Black "ChessWarrior3"]
[Result "1-0"]
[WhiteElo "2252"]
[BlackElo "2104"]
[TimeControl "180+1"]
[EndTime "11:02:01 PST"]
[Termination "politeplayer won by checkmate"]

1. e4 c5 2. c3 Nf6 3. e5 Nd5 4. d4 cxd4 5. Nf3 Nc6 6. Bc4 Nb6 7. Bb3 d6 8. exd6 Qxd6 9. O-O Be6 10. Na3 Bxb3 11. Qxb3 dxc3 12. Nb5 Qd7 13. Rd1 cxb2 14. Bxb2 Qc8 15. Ne5 e6 16. Rac1 a6 17. Qf3 f6 18.
Qh5+ g6 19. Nxg6 hxg6 20. Qxg6+ Ke7 21. Bxf6# 1-0

[Event "*** Titled Tuesday Blitz"]
[Site "Chess.com"]
[Date "2020.12.01"]
[Round "6"]
[White "chessdjw"]
[Black "SergeiAza"]
[Result "0-1"]
[WhiteElo "2647"]
[BlackElo "2837"]
[TimeControl "180+1"]
[EndTime "11:02:02 PST"]
[Termination "SergeiAza won by resignation"]

1. d4 f5 2. g3 Nf6 3. Bg2 e6 4. c4 Be7 5. Nc3 O-O 6. Nf3 d6 7. O-O Ne4 8. Qc2 Nxc3 9. Qxc3 a5 10. b3 Bf6 11. Bb2 Nc6 12. Rad1 Qe7 13. Rfe1 e5 14. dxe5 dxe5 15. e4 fxe4 16. Rxe4 Bf5 17. Re3 e4 18. Qc1 Bg4 19. Rde1 Qf7 20. Nd2 Bxb2 21. Qxb2 Qxf2+ 22. Kh1 Bf3 23. Nxf3 Qxb2 0-1

[Event "*** Titled Tuesday Blitz"]
[Site "Chess.com"]
[Date "2020.12.01"]
[Round "6"]
[White "MFBerna"]
[Black "ChessQueen"]
[Result "0-1"]
[WhiteElo "2422"]
[BlackElo "2711"]
[TimeControl "180+1"]
[EndTime "11:02:02 PST"]
[Termination "ChessQueen won by resignation"]

1. d4 Nf6 2. c4 e6 3. Nc3 Bb4 4. Qc2 d6 5. a3 Bxc3+ 6. Qxc3 O-O 7. Nf3 Nbd7 8. Bg5 h6 9. Bxf6 Nxf6 10. e3 b6 11. Bd3 Bb7 12. O-O Re8 13. b4 Qe7 14. Nd2 e5 15. d5 a5 16. e4 Bc8 17. h3 Nh5 18. Rfe1 Nf4 19. Bf1 f5 20. g3 Qg5 21.
Kh2 Ng6 22. h4 Qf6 23. exf5 Bxf5 24. Qe3 e4 25. Nb3 Ne5 26. Be2 Bg4 27. Nd4 Bxe2 28.
Qxe2 axb4 29. axb4 Rxa1 30. Rxa1 Nd3 31. Qe3 Nxf2 32. Kg2 Ng4 33. Qc3 Qf2+ 34. Kh3 h5 35. Rh1 Ne3 36. Rh2 Qf1+ 0-1

[Event "*** Titled Tuesday Blitz"]
[Site "Chess.com"]
[Date "2020.12.01"]
[Round "6"]
[White "TimurGareyev"]
[Black "LiamVrolijk"]
[Result "1-0"]
[WhiteElo "2670"]
[BlackElo "2813"]
[TimeControl "180+1"]
[EndTime "11:02:04 PST"]
[Termination "TimurGareyev won by resignation"]

1. d4 Nf6 2. c4 e6 3. Nc3 Bb4 4. e3 O-O 5. Bd3 b6 6. Ne2 Bb7 7. O-O d5 8. cxd5 exd5 9. Bd2 a6 10.
f3 Re8 11. Kh1 Nbd7 12. Rc1 Bd6 13. Ng3 c5 14. Nf5 Bc7 15. Bb1 g6 16. Nh6+ Kg7 17. e4 cxd4 18. Nxd5 Nxd5 19. exd5 Bxd5 20. Qa4 Be5 21.
Ng4 Nc5 22. Qd1 Bc7 23. Bh6+ Kg8 24. Qxd4 Ne6 25. Qxd5 1-0

[Event "*** Titled Tuesday Blitz"]
[Site "Chess.com"]
[Date "2020.12.01"]
[Round "6"]
[White "daro94"]
[Black "Parhamov"]
[Result "1-0"]
[WhiteElo "2871"]
[BlackElo "2918"]
[TimeControl "180+1"]
[EndTime "11:02:13 PST"]
[Termination "daro94 won by resignation"]

1. d4 Nf6 2. c4 e6 3. Nf3 d5 4. Nc3 Bb4 5. e3 O-O 6. Bd2 Nbd7 7. Rc1 c6 8. Bd3 a5 9. O-O b6 10. cxd5 exd5 11. Ne5 Nxe5 12. dxe5 Nd7 13. f4 Nc5 14.
Bb1 d4 15. Ne4 Ba6 16. Nf6+ gxf6 17. Bxh7+ Kxh7 18. Qh5+ Kg7 19. Qg4+ Kh8 20. Rf3 Bd3 21. f5 Bxf5 22. Rxf5 1-0

[Event "*** Titled Tuesday Blitz"]
[Site "Chess.com"]
[Date "2020.12.01"]
[Round "6"]
[White "Mikhail_Golubev"]
[Black "GM4life"]
[Result "1-0"]
[WhiteElo "2562"]
[BlackElo "2346"]
[TimeControl "180+1"]
[EndTime "11:02:14 PST"]
[Termination "Mikhail_Golubev won by resignation"]

1. e4 c5 2. Nf3 d6 3. d4 cxd4 4. Nxd4 Nf6 5. Nc3 a6 6. Bc4 e6 7.
Bb3 Nbd7 8. O-O Nc5 9. f4 Be7 10. e5 dxe5 11. fxe5 Nfd7 12. Qh5 g6 13. Qe2 Qc7 14. Bf4 O-O 15. Rad1 b5 16. Bh6 Re8 17. Qf3 Nxe5 18. Qxa8 Nb7 19. Qxa6 Nd6 20. Ncxb5 Qd7 21. Qa4 Bb7 22. Nxd6 Bxd6 23. Qxd7 Nxd7 24. Nxe6 fxe6 25.
Rxd6 1-0

[Event "*** Titled Tuesday Blitz"]
[Site "Chess.com"]
[Date "2020.12.01"]
[Round "6"]
[White "Blitzking642"]
[Black "Vojtap"]
[Result "0-1"]
[WhiteElo "2235"]
[BlackElo "2129"]
[TimeControl "180+1"]
[EndTime "11:02:17 PST"]
[Termination "Vojtap won by resignation"]

1. e4 c5 2. Nc3 Nc6 3. g3 g6 4. Bg2 Bg7 5. d3 d6 6. Be3 Rb8 7. Qd2 b5 8. Nge2 e6 9. O-O Nd4 10. Nc1 Ne7 11. Nd1 e5 12. c3 Ne6 13. Ne2 O-O 14. Bh6 Bb7 15. Bxg7 Kxg7 16. Ne3 d5 17. exd5 Nxd5 18. Rad1 Qd6 19. d4 Nxe3 20. fxe3 Bxg2 21. Kxg2 Qd5+ 22. Kg1 Ng5 0-1

[Event "*** Titled Tuesday Blitz"]
[Site "Chess.com"]
[Date "2020.12.01"]
[Round "6"]
[White "Valeron76"]
[Black "anon219"]
[Result "1-0"]
[WhiteElo "2559"]
[BlackElo "2757"]
[TimeControl "180+1"]
[EndTime "11:02:24 PST"]
[Termination "Valeron76 won by resignation"]

1. e4 c5 2. g3 Nc6 3. Bg2 g6 4. Ne2 Bg7 5. d3 e6 6. c4 Nge7 7. Nbc3 O-O 8. h4 d5 9. cxd5 exd5 10. exd5 Nb4 11. Nf4 Bxc3+ 12. bxc3 Nbxd5 13. O-O Nxf4 14. Bxf4 Nd5 15. Bg5 Qd6 16. Re1 Bf5 17. Qb3 Be6 18. c4 Nb4 19. Re3 Nc6 20. Qxb7 Rac8 21. Rae1 Nd4 22.
Be7 Qc7 23. Bxf8 Kxf8 24. Rb1 Qa5 25. Rxe6 1-0

[Event "*** Titled Tuesday Blitz"]
[Site "Chess.com"]
[Date "2020.12.01"]
[Round "6"]
[White "Zkid"]
[Black "Gerodot71"]
[Result "1-0"]
[WhiteElo "2777"]
[BlackElo "2478"]
[TimeControl "180+1"]
[EndTime "11:02:27 PST"]
[Termination "Zkid won by resignation"]

1. e4 e5 2. Nf3 Nc6 3. Bc4 Bc5 4.
d3 Nf6 5. O-O d6 6. c3 a6 7. a4 Ba7 8. Nbd2 h6 9. Re1 O-O 10.
Nf1 Be6 11. Bxe6 fxe6 12. Be3 Nh5 13. Bxa7 Rxa7 14. d4 Qf6 15. dxe5 Nxe5 16. Nxe5 Qxe5 17. Qd4 Qxd4 18. cxd4 Raa8 19. Rac1 Rf7 20. Rc3 Re8 21. a5 c6 22. Ne3 Nf6 23. f3 d5 24. e5 Nd7 25. b4 g5 26. Ng4 Kg7 27. g3 h5 28.
Nf2 Nf8 29. Kg2 Ng6 30. Nd3 Ne7 31. Nc5 Nf5 32. Rd3 g4 33. fxg4 hxg4 34. Rf1 Kg6 35. Rf4 Kg5 36. Kg1 Rh7 37. Rd2 Rh6 38. Rdf2 Nxd4 39.
Rxd4 1-0

[Event "*** Titled Tuesday Blitz"]
[Site "Chess.com"]
[Date "2020.12.01"]
[Round "6"]
[White "Natalya_Buksa"]
[Black "barriochess"]
[Result "1-0"]
[WhiteElo "2577"]
[BlackElo "2392"]
[TimeControl "180+1"]
[EndTime "11:02:28 PST"]
[Termination "Natalya_Buksa won by resignation"]

1. d4 d5 2. Nc3 e6 3. Bf4 a6 4. e3 c5 5. dxc5 Bxc5 6. Nf3 Nc6 7.
Bd3 Nf6 8. O-O O-O 9. e4 dxe4 10.
Nxe4 Be7 11. c3 b5 12. Qc2 Bb7 13. Nxf6+ Bxf6 14. Bxh7+ Kh8 15. Rad1 Qa5 16. Bg5 Qxa2 17. Bxf6 gxf6 18. Rd7 Na5 19. Nd4 Bd5 20. Qd3 Rad8 21. Re7 f5 22. Bxf5 exf5 23. Nxf5 Bxg2 24. Qg3 1-0